Map: El Dorado

Players

wootwoot - Winner!

  • Race: Protoss Protoss
  • League: Diamond
  • Spawn Location: 7:00

cGChrome

  • Race: Zerg Zerg
  • League: Diamond
  • Spawn Location: 5:00

VOD

Have the link to the VOD?

Description

Time

  • Played on: April 3, 2025, 1:33 a.m.
  • Length: 5:50
Show
View Real Time Build Order
Export as new Build Order

wootwoot Protoss - Winner!

Build Orders: 1 Gate Expand 

Get SALT Encoding   

  12  0:00  Probe  
  13  0:12  Probe  
  14  0:19  Pylon  
  14  0:24  Probe  
  15  0:33  Probe  
  15  0:41  Probe  
  16  0:45  Gateway  
  17  0:51  Probe  
  17  0:53  Assimilator  
  18  1:03  Probe  
  19  1:15  Probe  
  20  1:27  Nexus  
  20  1:37  Cybernetics Core  
  20  1:42  Assimilator  
  20  1:43  Probe  
  21  1:51  Probe  
  21  1:52  Pylon  
  21  2:00  Probe  
  22  2:03  Adept  
  23  2:11  Probe  
  26  2:19  Stargate  
  26  2:23  Probe  
  26  2:24  Warp Gate  
  27  2:31  Shield Battery  
  27  2:35  Probe  
  28  2:40  Probe  
  29  2:48  Probe  
  30  2:52  Probe  
  30  2:58  Void Ray  
  31  3:00  Probe  
  31  3:05  Probe  
  37  3:11  Twilight Council  
  37  3:13  Probe  
  37  3:17  Probe  
  39  3:25  Probe  
  40  3:29  Probe  
  40  3:34  Void Ray  
  41  3:37  Probe  
  46  3:44  Charge  
  46  3:48  Pylon  
  46  4:01  Gateway  
  46  4:03  Gateway  
  46  4:04  Gateway  
  46  4:06  Probe x2  
  46  4:09  Gateway  
  48  4:16  Gateway  
  48  4:17  Gateway  
  48  4:24  Pylon  
  48  4:26  Void Ray  
  52  4:34  Pylon  
  52  4:47  Zealot  
  52  4:51  Pylon  
  54  5:00  Zealot  
  54  5:01  Zealot  
  54  5:04  Void Ray, Pylon  
  54  5:06  Zealot x2  
  66  5:14  Zealot x2  
  66  5:15  Zealot  
  72  5:22  Zealot x2  
  72  5:28  Zealot x2  
  80  5:47  Zealot x3  
Show
View Real Time Build Order
Export as new Build Order

cGChrome Zerg 

Build Orders: Hatch First 

Get SALT Encoding   

  12  0:00  Drone  
  13  0:09  Drone  
  14  0:14  Extractor  
  14  0:16  Drone  
  15  0:24  Overlord  
  15  0:44  Hatchery  
  15  0:47  Drone  
  15  0:51  Drone  
  15  0:55  Drone  
  17  0:59  Drone  
  18  1:10  Extractor  
  17  1:15  Spawning Pool  
  17  1:18  Drone  
  17  1:21  Drone  
  18  1:30  Drone  
  19  1:41  Drone  
  20  1:52  Drone  
  21  2:02  Queen x2  
  21  2:03  Zergling x2  
  26  2:10  Drone  
  26  2:11  Overlord  
  27  2:18  Drone  
  28  2:25  Metabolic Boost  
  28  2:32  Hatchery  
  28  2:36  Drone  
  28  2:37  Drone  
  28  2:42  Drone  
  28  2:43  Drone  
  31  2:49  Drone  
  31  2:50  Drone x2  
  34  2:56  Overlord  
  34  3:00  Drone  
  35  3:10  Queen, Extractor  
  35  3:12  Overlord  
  37  3:15  Drone x3  
  37  3:18  Drone  
  41  3:22  Drone  
  41  3:25  Drone  
  43  3:28  Spore Crawler  
  43  3:31  Spore Crawler  
  41  3:39  Overlord  
  41  3:42  Drone  
  41  3:44  Spore Crawler  
  41  3:49  Overlord  
  41  3:53  Overlord  
  41  3:56  Drone x2  
  41  3:57  Extractor  
  41  4:01  Drone x2  
  44  4:03  Drone  
  44  4:04  Drone  
  44  4:05  Drone  
  44  4:09  Lair  
  47  4:14  Drone  
  47  4:15  Evolution Chamber  
  47  4:20  Drone x3  
  47  4:21  Drone x3  
  53  4:27  Queen  
  53  4:29  Queen  
  57  4:44  Overlord  
  55  4:48  Drone x4  
  55  4:49  Drone x4  
  63  4:56  Overlord  
  63  5:07  Queen  
  63  5:10  Hydralisk Den  
  63  5:12  Drone x2  
  66  5:22  Drone x3  
  66  5:23  Drone x2  
  66  5:26  Extractor x2  
  66  5:27  Drone  
  70  5:28  Hatchery, Drone x3  
  70  5:30  Drone  
  70  5:31  Drone  
Tags
 
Add a new tag
Caveats
  • Supply blocks, unpowered buildings, or Contaminate may cause inaccurate times.
  • Supply counts are checked every 10 seconds.